 Dungeon Crawl Stone Soup version 0.23-a0-373-g305c090 (webtiles) character file.

150448 tilp the Impaler (level 17, -7/135 (136) HPs)
             Began as a Merfolk Ice Elementalist on Oct 22, 2018.
             Was the Champion of Makhleb.
             Mangled by a bone dragon (13 damage)
             ... on level 4 of the Swamp on Oct 25, 2018.
             The game lasted 03:00:38 (47928 turns).

tilp the Impaler (Merfolk Ice Elementalist)        Turns: 47928, Time: 03:00:40

HP:   -7/135 (136)  AC: 17    Str:  9    XL:     17   Next: 53%
MP:   0/30          EV: 25    Int: 22    God:    Makhleb [******]
Gold: 1135          SH:  3    Dex: 19    Spells: 13/34 levels left

rFire    . . .     SeeInvis .   L - +0 glaive (flame)
rCold    + . .     Gourm    .   (shield currently unavailable)
rNeg     + . .     Faith    .   j - +2 leather armour {rPois}
rPois    +         Spirit   +   O - +2 hat of the Bear Spirit {Spirit, +Rage rN+ MR++}
rElec    .         Reflect  +   w - +2 cloak {rC+}
rCorr    .         Harm     .   S - +2 pair of gloves {Dex+3}
MR       +....                  (boots currently unavailable)
Stlth    +++.......             o - +3 amulet of reflection
HPRegen  0.32/turn              y - +4 ring of protection
MPRegen  0.22/turn              N - +3 ring of intelligence

@: about to teleport, vulnerable, drained, very quick
A: change form in water, swift swim, stealthy swim
a: Minor Destruction, Lesser Servant of Makhleb, Major Destruction, Greater
Servant of Makhleb, Renounce Religion, Evoke Berserk Rage


You were on level 4 of the Swamp.
You worshipped Makhleb.
Makhleb was exalted by your worship.
You were near starving.

You visited 5 branches of the dungeon, and saw 28 of its levels.
You also visited: Ice Cave.

You collected 2625 gold pieces.
You spent 1490 gold pieces at shops.

Inventory:

Hand Weapons
 D - a +4 glaive
 L - a +0 glaive of flaming (weapon)
Missiles
 G - 57 tomahawks (quivered)
Armour
 j - a +2 leather armour of poison resistance (worn)
 w - a +2 cloak of cold resistance (worn)
 C - a +2 pair of boots (melded)
 O - the +2 hat of the Bear Spirit (worn) {Spirit, +Rage rN+ MR++}
   (You found it on level 14 of the Dungeon)

   It protects you from negative energy.
   It affects your resistance to hostile enchantments.
   It lets you go berserk.
 S - a +2 pair of gloves of dexterity (worn)
 V - a +1 robe of the Archmagi
 W - a +2 robe of fire resistance
Jewellery
 o - a +3 amulet of reflection (around neck)
 x - an uncursed ring of see invisible
 y - a +4 ring of protection (left hand)
 F - an uncursed ring of poison resistance
 N - a +3 ring of intelligence (right hand)
 Y - an uncursed ring of positive energy
 Z - an uncursed ring of protection from magic
Wands
 l - a wand of enslavement (20)
 t - a wand of scattershot (9)
 v - a wand of polymorph (30)
 B - a wand of digging (13)
 Q - a wand of acid (14)
 T - a wand of paralysis (10)
Scrolls
 b - a scroll of summoning
 d - 2 scrolls of vulnerability
 f - 5 scrolls of teleportation
 g - 17 scrolls of remove curse
 q - 3 scrolls of holy word
 u - 2 scrolls of fog
 M - 6 scrolls of enchant weapon
 U - 5 scrolls of amnesia
Potions
 e - a potion of berserk rage
 i - 5 potions of resistance
 k - 2 potions of haste
 m - 7 potions of flight
 n - a potion of heal wounds
 p - 2 potions of invisibility
 r - 2 potions of cancellation
 s - a potion of agility
 z - 7 potions of curing
 A - 5 potions of might
 H - 5 potions of mutation
 J - 5 potions of brilliance
 K - 2 potions of ambrosia
 R - 5 potions of magic
Miscellaneous
 h - a phantom mirror
 P - a lightning rod (4/4)
Comestibles
 c - 34 rations


   Skills:
 + Level 13.0(12.4) Fighting
 - Level 20.0(19.3) Polearms
 + Level 11.8(11.2) Dodging
 - Level 2.1(1.7) Stealth
   Level 4.0(3.5) Shields
 + Level 9.2(8.7) Spellcasting
 - Level 10.7(10.2) Conjurations
 - Level 8.0(7.5) Charms
 + Level 13.0(12.5) Ice Magic
 + Level 9.7(9.2) Invocations
 + Level 9.5(9.0) Evocations


You had 13 spell levels left.
You knew the following spells:

 Your Spells              Type           Power        Failure   Level  Hunger
a - Freeze                Ice            ####         1%          1    None
b - Throw Frost           Conj/Ice       ######       1%          2    None
c - Ozocubu's Armour      Chrm/Ice       ######..     1%          3    None
d - Throw Icicle          Conj/Ice       ######..     1%          4    ##.....
e - Conjure Flame         Conj/Fire      ####....     3%          3    None
f - Slow                  Hex            #.......     14%         2    None
g - Blink                 Tloc           N/A          14%         2    None
h - Sticky Flame          Conj/Fire      ####....     12%         4    ##.....

Your spell library contained the following spells:

 Spells                   Type           Power        Failure   Level  Hunger
 Flame Tongue             Conj/Fire      ####.        1%          1    None
 Magic Dart               Conj           ####         1%          1    None
 Shock                    Conj/Air       ####         1%          1    None
 Ensorcelled Hibernation  Hex/Ice        #####.       1%          2    None
 Throw Flame              Conj/Fire      ####..       1%          2    None
 Swiftness                Chrm/Air       ####....     3%          2    None
 Dazzling Spray           Conj/Hex       ####..       3%          3    None
 Static Discharge         Conj/Air       ####....     3%          3    None
 Mephitic Cloud           Conj/Pois/Air  ###.....     7%          3    None
 Summon Ice Beast         Ice/Summ       #####...     8%          4    ##.....
 Corona                   Hex            #......      10%         1    None
 Call Imp                 Summ           #.......     14%         2    None
 Passwall                 Tmut/Erth      #.......     14%         2    None
 Confuse                  Hex            #.......     28%         3    None
 Inner Flame              Hex/Fire       #.......     28%         3    None
 Tukima's Dance           Hex            #.......     28%         3    None
 Fireball                 Conj/Fire      ####......   32%         5    #####..
 Lightning Bolt           Conj/Air       ####......   32%         5    #####..
 Airstrike                Air            #.........   67%         4    ##.....
 Passage of Golubria      Tloc           N/A          67%         4    ##.....
 Lee's Rapid Deconstruct  Erth           #.........   95%         5    #####..
 Darkness                 Hex            #.........   100%        6    ######.
 Invisibility             Hex            #.......     100%        6    ######.


Dungeon Overview and Level Annotations

Branches:
Dungeon (15/15)            Temple (1/1) D:7            Lair (6/6) D:9
  Swamp (4/4) Lair:2       Spider (0/4) Lair:4        Slime (0/5) Lair:6
    Orc (2/2) D:12            Elf (0/3) Orc:2        Vaults (0/5) D:14
 Depths (0/5) D:15

Altars:
Ashenzari
Cheibriados
Dithmenos
Elyvilon
Fedhas
Gozag
Hepliaklqana
Kikubaaqudgha
Makhleb
Nemelex Xobeh
Okawaru
Qazlal
Ru
Sif Muna
Trog
Uskayaw
Vehumet
Wu Jian
Xom
Yredelemnul
Zin
The Shining One
Beogh

Shops:
D:4 [(   D:8 [   D:13 (   D:14 [   Orc:1 =   Orc:2 [*}=

Annotations:
D:13 1 runed door, Setzue's ghost, journeyman GrEE
Swamp:1 1 runed door
Swamp:3 exclusion: thorn hunter


Message History

The bone dragon bites you.
* * * LOW HITPOINT WARNING * * *
The bone dragon misses you. The bone dragon tramples you.
* * * LOW HITPOINT WARNING * * *
You stumble backwards!
Your legs become a tail as you dive into the water.
Your +2 pair of boots melds into your body.
Floosh!
The ghost crab breathes spectral mist at you.
The spectral mist engulfs the bone dragon.
The insubstantial wisp blinks!
The bog body casts a spell at you. The bolt of cold misses you.
As you read the scroll of teleportation, it crumbles to dust.
You feel strangely unstable.
You are engulfed in spectral mist.
* * * LOW HITPOINT WARNING * * *
The bone dragon bites you!
* * * LOW HITPOINT WARNING * * *
The bone dragon misses you. The bone dragon tramples you!
You die...

≈≈....####.....###
≈≈≈.§..≈####.....#
≈≈≈#§.§..####....##
≈≈##≈.....§####≈≈.##
≈#######....###≈≈.≈##
≈# #####..≈###.≈§.#
## #W# ##≈.§§.§§§≈# #
W..t ##.§§§§§≈##
§Wv.# ####§@§##
..Dvv####§D§##
....v§≈≈#Wn##
/.tv§§§Wt§##
#...Z.!ZWt#
###..##§### ## ###


You could see a bone dragon, 2 ghost crabs, a spectral six-headed hydra, a bog
body and 3 phantoms.

Vanquished Creatures
  Kirke (Swamp:4)
  The ghost of nht the Cleaver, a journeyman OgBe of Trog (Orc:1)
  2 very ugly things
  A dire elephant (Lair:6)
  An ettin (Orc:1)
  The ghost of Tenar the Thaumaturge, a journeyman DEFE of Vehumet (Orc:2)
  Fannar (Lair:2)
  4 ogre magi
  A rakshasa (D:13)
  3 ghost crabs
  13 hydras
  3 shambling mangroves
  5 centaur warriors
  13 two-headed ogres
  7 alligators
  A deep troll shaman (Lair:6)
  2 tengu warriors
  9 death yaks
  Sonja (Lair:2)
  Urug (Lair:2)
  2 orc high priests
  Nergalle (Lair:1)
  A sixfirhy (D:9)
  A fire crab (shapeshifter) (D:15)
  2 deep trolls (Orc:2)
  2 unseen horrors
  4 skeletal warriors (D:13)
  A glowing orange brain (D:15)
  3 spectral hydras (Swamp:4)
  3 swamp dragons
  3 orc knights
  2 wolf spiders
  2 orc sorcerers
  3 deep elf magi
  4 ugly things
  A wolf spider (shapeshifter) (D:13)
  13 cyclopes
  3 manticores
  Joseph (D:9)
  2 centaur zombies
  8 elephants (Lair:6)
  3 black mambas
  An elephant (shapeshifter) (D:15)
  An ice statue (IceCv)
  2 gargoyles (D:10)
  16 spiny frogs
  4 rime drakes
  15 komodo dragons
  A freezing wraith (D:15)
  2 swamp worm zombies (Swamp:4)
  3 tengu conjurers (D:14)
  An efreet (D:13)
  3 hydra zombies (Swamp:4)
  13 trolls
  10 tyrant leeches
  3 hornets (Swamp:2)
  18 polar bears
  A wolf spider simulacrum (D:15)
  4 alligator zombies (Swamp:4)
  17 blink frogs
  15 slime creatures
  A blink frog (shapeshifter) (D:13)
  9 bog bodies
  11 dream sheep
  2 spectral swamp dragons (Swamp:4)
  2 spriggans
  9 hippogriffs
  A redback (Lair:4)
  A shadow (D:14)
  2 basilisks
  3 wyverns
  2 vampires (D:11)
  A water elemental (D:13)
  3 wraiths
  3 hogs (Swamp:4)
  60 yaks
  A redback simulacrum (D:14)
  31 vampire mosquitoes
  5 hungry ghosts
  9 swamp worms
  3 wargs
  6 insubstantial wisps (Swamp:2)
  8 water moccasins
  5 porcupines
  2 acid dragons (D:13)
  A floating eye (shapeshifter) (D:15)
  2 black bears
  An eye of draining (D:15)
  4 ice beasts
  27 orc warriors
  2 phantoms (Swamp:4)
  3 swamp dragon zombies (Swamp:4)
  4 swamp drakes
  7 centaurs
  31 ogres
  7 sky beasts
  19 wolves
  11 crocodiles
  3 big kobolds
  19 bullfrogs
  A wyvern skeleton (D:8)
  2 scorpions
  9 killer bees
  10 wights
  9 electric eels
  5 howler monkeys
  7 hounds
  A quasit (D:9)
  4 crimson imps
  8 jellies
  22 orc priests
  2 bullfrog zombies
  17 orc wizards
  A bullfrog skeleton (D:8)
  6 centaur skeletons
  2 iguanas
  14 worker ants
  Ijyb (D:4)
  13 adders
  3 howler monkey skeletons
  2 swamp drake zombies (Swamp:4)
  4 shadow imps
  12 white imps (D:14)
  7 oozes
  2 adder skeletons
  3 worms
  9 leopard geckos
  102 orcs
  6 giant cockroaches
  11 goblins
  6 hobgoblins
  7 jackals
  19 kobolds
  2 quokkas
  3 ball pythons
  5 bats
  6 frilled lizards
  A jackal zombie (D:8)
  A quokka skeleton (D:5)
  6 rats
938 creatures vanquished.

Vanquished Creatures (collateral kills)
  A white draconian (IceCv)
  A rakshasa (D:15)
  A catoblepas (Lair:6)
  3 death yaks
  A phantasmal warrior (Swamp:4)
  A troll (Orc:1)
  A dream sheep (Lair:5)
  A basilisk (D:13)
  An insubstantial wisp (Swamp:4)
  A bush (Lair:6)
  A plant (Lair:6)
13 creatures vanquished.

Vanquished Creatures (others)
  Erolcha (D:10)
  A spriggan (Swamp:2)
  A tyrant leech (Swamp:4)
  A hornet (Swamp:2)
  2 humans (Swamp:4)
  4 insubstantial wisps (Swamp:4)
  2 orc warriors
  A bullfrog (D:14)
  A worker ant (D:14)
  A goblin (D:4)
  5 fungi
  8 plants
  A withered plant (Orc:1)
29 creatures vanquished.

Grand Total: 980 creatures vanquished

Notes
Turn   | Place    | Note
-------+----------+-------------------------------------------
     0 | D:1      | tilp the Merfolk Ice Elementalist began the quest for the
                  | Orb.
     0 | D:1      | Reached XP level 1. HP: 13/13 MP: 3/3
   849 | D:2      | Reached XP level 2. HP: 18/19 MP: 3/5
  1046 | D:2      | Reached XP level 3. HP: 22/24 MP: 0/6
  1050 | D:2      | Learned a level 2 spell: Throw Frost
  1054 | D:2      | Learned a level 3 spell: Ozocubu's Armour
  1373 | D:2      | Found an ornate altar of the Wu Jian Council.
  1799 | D:2      | Noticed a scorpion
  1811 | D:2      | Killed a scorpion
  1811 | D:2      | Reached skill level 5 in Ice Magic
  1811 | D:2      | Reached XP level 4. HP: 20/30 MP: 0/7
  2603 | D:2      | Reached XP level 5. HP: 35/35 MP: 8/8
  2735 | D:2      | You fall through a shaft for 2 floors!
  2981 | D:4      | Reached skill level 1 in Fighting
  2981 | D:4      | Reached skill level 1 in Shields
  3171 | D:4      | Found Yruowoemi's Weapon Shop.
  3447 | D:3      | Found a shattered altar of Ashenzari.
  4108 | D:3      | Reached XP level 6. HP: 28/44 MP: 3/9
  4780 | D:4      | Found Qadatudd's Antique Armour Boutique.
  4786 | D:4      | Bought a cloak for 112 gold pieces
  4786 | D:4      | Bought a pair of gloves for 112 gold pieces
  5048 | D:4      | Noticed Ijyb
  5128 | D:4      | Found a deep blue altar of Sif Muna.
  5274 | D:5      | Entered Level 5 of the Dungeon
  5736 | D:5      | Reached XP level 7. HP: 45/52 MP: 5/10
  6144 | D:5      | Found a shimmering altar of Xom.
  6368 | D:5      | Reached skill level 11 in Polearms
  6368 | D:5      | Reached skill level 5 in Spellcasting
  6368 | D:5      | Reached XP level 8. HP: 67/67 MP: 10/16
  6374 | D:5      | Learned a level 4 spell: Throw Icicle
  6954 | D:6      | Reached skill level 1 in Conjurations
  7423 | D:7      | Found a sacrificial altar of Ru.
  7558 | D:7      | Reached skill level 1 in Charms
  7558 | D:7      | Reached skill level 1 in Evocations
  7878 | D:7      | Found a staircase to the Ecumenical Temple.
  7884 | Temple   | Entered the Ecumenical Temple
  8011 | Temple   | Became a worshipper of Makhleb the Destroyer
  8263 | D:7      | Noticed a hippogriff
  8541 | D:8      | Reached XP level 9. HP: 71/72 MP: 14/17
  8857 | D:8      | Noticed a two-headed ogre
  9431 | D:8      | Found Kostras's Armour Emporium.
  9692 | D:9      | Noticed a sixfirhy
  9697 | D:9      | Found a runed door.
  9713 | D:9      | Reached * piety under Makhleb
  9815 | D:9      | Reached skill level 12 in Polearms
  9876 | D:9      | Noticed Joseph
 10179 | D:9      | Reached XP level 10. HP: 70/80 MP: 12/19
 11017 | D:9      | Found a staircase to the Lair.
 11199 | D:10     | Entered Level 10 of the Dungeon
 11232 | D:10     | Noticed a two-headed ogre
 11522 | D:10     | Noticed Erolcha
 11555 | D:10     | Noticed a two-headed ogre
 11556 | D:10     | Noticed a gargoyle
 11610 | D:10     | Reached skill level 13 in Polearms
 12318 | Lair:1   | Entered Level 1 of the Lair of Beasts
 12445 | Lair:1   | Noticed a spiny frog
 12482 | Lair:1   | Killed a spiny frog
 12813 | Lair:1   | Found a basalt altar of Yredelemnul.
 13244 | D:9      | Reached skill level 14 in Polearms
 13409 | Lair:1   | Noticed Nergalle
 13471 | Lair:1   | Killed Nergalle
 13471 | Lair:1   | Reached XP level 11. HP: 82/86 MP: 11/20
 13771 | Lair:1   | Upgraded the game from 0.23-a0-358-g98c7a59 to
                  | 0.23-a0-359-g9beedce
 13785 | Lair:1   | Reached skill level 15 in Polearms
 14222 | Lair:2   | Found a staircase to the Swamp.
 14293 | Lair:2   | Noticed Fannar
 14389 | Lair:2   | Noticed Sonja
 14477 | Lair:2   | Reached skill level 16 in Polearms
 14549 | Lair:2   | Reached ** piety under Makhleb
 15093 | Lair:2   | Noticed Urug
 15188 | Lair:2   | Killed Fannar
 15188 | Lair:2   | Reached skill level 17 in Polearms
 16268 | Lair:3   | Reached skill level 18 in Polearms
 16321 | Lair:3   | Reached XP level 12. HP: 73/92 MP: 14/21
 16533 | Lair:3   | Noticed a five-headed hydra
 16547 | Lair:3   | Killed a one-headed hydra
 17253 | Lair:4   | Reached skill level 19 in Polearms
 17640 | Lair:4   | Reached skill level 20 in Polearms
 17668 | Lair:4   | Reached skill level 1 in Invocations
 18164 | Lair:4   | Found a hole to the Spider Nest.
 18175 | Lair:4   | Reached skill level 5 in Evocations
 18644 | Lair:5   | Reached *** piety under Makhleb
 18688 | Lair:5   | Noticed a four-headed hydra
 18700 | Lair:5   | Noticed a seven-headed hydra
 18721 | Lair:5   | Killed a two-headed hydra
 18721 | Lair:5   | Reached skill level 5 in Invocations
 18882 | Lair:5   | Reached XP level 13. HP: 98/98 MP: 22/22
 19499 | Lair:4   | Reached skill level 5 in Conjurations
 20424 | Lair:6   | Entered Level 6 of the Lair of Beasts
 21885 | Lair:5   | Reached skill level 10 in Ice Magic
 22165 | Lair:6   | Found a staircase to the Slime Pits.
 22643 | Lair:6   | Reached **** piety under Makhleb
 22733 | Lair:6   | Reached XP level 14. HP: 105/105 MP: 8/23
 22804 | Lair:6   | Reached skill level 5 in Charms
 22928 | Lair:6   | Reached skill level 10 in Conjurations
 22989 | Lair:6   | Noticed a dire elephant
 23013 | Lair:6   | Killed a dire elephant
 24345 | D:4      | Killed Ijyb
 25432 | D:11     | Learned a level 3 spell: Conjure Flame
 25435 | D:11     | Learned a level 2 spell: Slow
 25438 | D:11     | Learned a level 2 spell: Blink
 25759 | D:11     | Identified the +2 war axe "Iveula" {pain, rPois Int+4}
 26072 | D:11     | Upgraded the game from 0.23-a0-359-g9beedce to
                  | 0.23-a0-370-gf497b7c
 26907 | D:12     | Got a transparent robe
 27138 | D:12     | Reached ***** piety under Makhleb
 28362 | D:12     | Found a staircase to the Orcish Mines.
 28626 | Orc:1    | Entered Level 1 of the Orcish Mines
 28626 | Orc:1    | Found Goynam's Jewellery Emporium.
 29024 | Orc:2    | Entered Level 2 of the Orcish Mines
 29024 | Orc:2    | Found a staircase to the Elven Halls.
 29214 | Orc:2    | Reached ****** piety under Makhleb
 29224 | Orc:2    | Reached XP level 15. HP: 101/114 MP: 18/26
 29255 | Orc:2    | Reached skill level 10 in Dodging
 30127 | Orc:2    | Reached skill level 10 in Fighting
 31919 | Orc:2    | Found Ufootaov's Antique Armour Shop.
 31922 | Orc:2    | Found Miuty's General Store.
 31946 | Orc:2    | Found Tegae's Gadget Shoppe.
 31949 | Orc:2    | Bought a potion of curing for 36 gold pieces
 31949 | Orc:2    | Bought a potion of curing for 36 gold pieces
 31949 | Orc:2    | Bought a scroll of identify for 24 gold pieces
 31973 | Orc:2    | Found Hudwet's Jewellery Shop.
 32856 | Orc:2    | Found Vueronk's Armour Shoppe.
 32986 | Orc:2    | Found a runed gate.
 32986 | Orc:2    | Found a runed gate.
 32986 | Orc:2    | Found a runed gate.
 32991 | Orc:2    | Noticed Tenar's ghost (journeyman DEFE)
 33352 | Orc:1    | Found a roughly hewn altar of Beogh.
 33750 | Orc:1    | Found a runed door.
 33752 | Orc:1    | Noticed nht's ghost (journeyman OgBe)
 33868 | Orc:2    | Bought an uncursed ring of see invisible for 210 gold
                  | pieces
 33868 | Orc:2    | Bought an uncursed ring of positive energy for 280 gold
                  | pieces
 33868 | Orc:2    | Bought an uncursed ring of protection from magic for 350
                  | gold pieces
 33873 | Orc:2    | Bought a phantom mirror for 330 gold pieces
 34133 | D:9      | Killed Joseph
 34190 | D:10     | Killed Erolcha
 34620 | D:13     | Found a runed door.
 34620 | D:13     | Found a shimmering altar of Xom.
 34620 | D:13     | Noticed Setzue's ghost (journeyman GrEE)
 36214 | D:13     | Found Vemuemuf's Antique Weapon Shoppe.
 36464 | D:13     | Reached XP level 16. HP: 105/122 MP: 16/28
 36768 | D:13     | Upgraded the game from 0.23-a0-370-gf497b7c to
                  | 0.23-a0-373-g305c090
 37076 | D:14     | Found Cilurud's Antique Armour Boutique.
 37120 | D:14     | Found a frozen archway.
 37144 | D:14     | Identified the +1 robe "Buuhel" {rCorr Stlth+} (You found
                  | it on level 12 of the Dungeon)
 37174 | IceCv    | Entered an ice cave
 38416 | D:14     | Found the +2 hat of the Bear Spirit {Spirit, +Rage rN+
                  | MR++}
 38419 | D:14     | Found a glowing golden altar of the Shining One.
 39003 | D:14     | Found a gate to the Vaults.
 39265 | D:15     | Entered Level 15 of the Dungeon
 40626 | D:15     | Found a staircase to the Depths.
 40970 | Lair:2   | Killed Sonja
 40990 | Lair:2   | Killed Urug
 41059 | Swamp:1  | Entered Level 1 of the Swamp
 41066 | Swamp:1  | Found a snail-covered altar of Cheibriados.
 41477 | Swamp:1  | Learned a level 4 spell: Sticky Flame
 41596 | Swamp:1  | Found a runed door.
 42650 | Swamp:2  | Reached XP level 17. HP: 29/135 MP: 1/29
 44879 | Orc:2    | Killed Tenar's ghost
 45025 | Orc:1    | Killed nht's ghost
 45502 | Swamp:4  | Entered Level 4 of the Swamp
 45985 | Swamp:4  | Noticed Kirke
 46131 | Swamp:4  | Killed Kirke
 47899 | Swamp:4  | Noticed a bone dragon
 47928 | Swamp:4  | HP: 6/135 [bone dragon (15)]
 47928 | Swamp:4  | Mangled by a bone dragon

Vault maps used:
D:1:      dpeg_arrival_round_c
D:2:      lemuel_doored_altar, minmay_misc_feat_doors, minmay_tripent
D:3:      cheibrodos_ashenzari_chains, chequers_avenue
D:4:      kennysheep_goblin_castle, lemuel_blue_sif_altar, first_ration,
          serial_shops, shop, nicolae_shop_crystal, st_stairs_14
D:5:      marbit_many_paths, zaba_anthole
D:7:      old_standard_altar, temple_statues
D:8:      serial_shops, kennysheep_mini_moat
D:9:      cheibrodos_shockbox, david_lair_shrubbed, uniq_joseph
D:10:     uniq_erolcha
D:11:     hangedman_little_slice_of_home
D:12:     erik_orc_1, special_room
D:13:     minmay_crescents, ebering_ghost_xom, serial_shops, shop
D:14:     david_vaults_2, portal_ice_cave_entry_imps, skrybe_limestone_x,
          serial_shops, shop, st_stairs_13, minmay_misc_feat_roman,
          tso_metal_star
D:15:     gammafunk_enter_depths_forms
Temple:   minmay_crystal_spiral_temple
Lair:1:   basic_altar, grunt_megastairs_3, uniq_nergalle
Lair:2:   swamp_mist_pool, uniq_fannar, uniq_urug, uniq_sonja
Lair:3:   st_stairs_4
Lair:4:   spider_nest_entry_funnel_web, minivault_19, beast_lair_carwin_8,
          serial_bayou_shore_a
Lair:6:   grunt_lair_end_beastmaster, minmay_slime_entry_pillars,
          lemuel_fruit_fields, infiniplex_staircase_pool, lemuel_fruit_tree,
          lemuel_fruit_fields
Swamp:1:  gammafunk_mikee_crab_dinner, lemuel_altar_in_water, swamp_pool2
Swamp:2:  evilmike_swamp_ruin_rubble_1, swamp_pool4
Swamp:3:  evilmike_swamp_ruin_house_2
Swamp:4:  swamp_pestilence, uniq_kirke
Orc:1:    gammafunk_ghost_grave, basic_altar, serial_shops, shop
Orc:2:    st_orc_open, serial_shops, nicolae_shop_window_shopping,
          gammafunk_ghost_split, small_statue_alley_c
IceCv:    ice_cave_small_giant

Skill      XL: |  1  2  3  4  5  6  7  8  9 10 11 12 13 14 15 16 17 |
---------------+----------------------------------------------------+-----
Ice Magic      | 4 5 6 10 12 13 | 13.0
Fighting       | 2 3 7 8 9 10 12 13 | 13.0
Shields        | 2 4 |  4.0
Polearms       | 11 12 14 18 20 | 20.0
Dodging        | 7 8 9 10 11 | 11.8
Spellcasting   | 5 6 7 8 9 |  9.2
Conjurations   | 1 2 9 10 | 10.7
Charms         | 1 3 4 7 8 |  8.0
Evocations     | 1 2 4 5 7 8 9 |  9.5
Invocations    | 5 8 9 |  9.7
Stealth        | |  2.1

Action                   |  1- 3 |  4- 6 |  7- 9 | 10-12 | 13-15 | 16-18 || total
-------------------------+-------+-------+-------+-------+-------+-------++-------
Melee: Short sword       |     2 |       |       |       |       |       ||     2
       Dagger            |    30 |   190 |    80 |       |       |       ||   300
       Spear             |       |       |   401 |   268 |       |       ||   669
       Glaive            |       |       |       |   362 |  1813 |  1312 ||  3487
       Tailslap          |       |       |       |       |     2 |    10 ||    12
Throw: Stone             |     1 |     3 |       |       |       |       ||     4
       Tomahawk          |       |       |     2 |     6 |     8 |     6 ||    22
 Cast: Freeze            |    30 |    26 |    39 |   168 |    24 |     3 ||   290
       Throw Frost       |     4 |     1 |    10 |    35 |    34 |     2 ||    86
       Ozocubu's Armour  |       |     7 |    20 |    61 |   146 |    97 ||   331
       Throw Icicle      |       |       |       |    10 |   121 |    58 ||   189
       Conjure Flame     |       |       |       |       |    17 |    60 ||    77
       Sticky Flame      |       |       |       |       |       |    20 ||    20
Invok: Lesser Servant of |       |       |       |       |    21 |     7 ||    28
Evoke: Wand              |       |       |       |    10 |     6 |     1 ||    17
       Lightning rod     |       |       |       |       |       |     1 ||     1
  Use: Scroll            |       |       |    21 |     8 |     9 |    13 ||    51
       Potion            |       |       |     1 |     3 |     5 |     5 ||    14
 Stab: Sleeping          |     2 |    11 |     6 |     1 |     6 |     4 ||    30
       Distracted        |       |       |       |       |     8 |     5 ||    13
       Invisible         |       |       |       |       |     4 |       ||     4
       Paralysed         |       |       |       |       |       |     2 ||     2
  Eat: Chunk             |     1 |    13 |    12 |    24 |    63 |    20 ||   133
       Ration            |     1 |       |     1 |     4 |     3 |     6 ||    15
Armor: Robe              |    14 |    13 |    48 |    58 |       |       ||   133
       Leather armour    |       |       |       |   124 |   499 |   465 ||  1088
Dodge: Dodged            |    35 |    80 |   174 |   381 |  1267 |   963 ||  2900
Block: Buckler           |    13 |    84 |   163 |   114 |       |       ||   374
       Reflection        |       |     5 |     4 |     3 |     5 |     1 ||    18
       Other             |       |       |       |    35 |   197 |   134 ||   366

Table legend:
 A = Non-vault XP
 B = Vault XP
 C = Vault XP percentage of total XP
 D = Non-vault monster count
 E = Vault monster count
 F = Vault count percentage of total count
                 A         B        C        D         E       F
            +---------+---------+-------+---------+---------+-------
      Total |  137091 |   77200 |  36.0 |     692 |     263 |  27.5
            +---------+---------+-------+---------+---------+-------
        D:1 |       8 |       0 |   0.0 |       4 |       0 |   0.0
        D:2 |     159 |       4 |   2.5 |      28 |       2 |   6.7
        D:3 |     102 |       0 |   0.0 |      29 |       0 |   0.0
        D:4 |     130 |      54 |  29.3 |      11 |      11 |  50.0
        D:5 |     137 |     113 |  45.2 |       7 |       4 |  36.4
        D:6 |     267 |       0 |   0.0 |       7 |       0 |   0.0
        D:7 |     929 |       0 |   0.0 |      15 |       0 |   0.0
        D:8 |    1496 |       0 |   0.0 |      26 |       0 |   0.0
        D:9 |    2683 |    1613 |  37.5 |      30 |       3 |   9.1
       D:10 |    3813 |     884 |  18.8 |      22 |       1 |   4.3
       D:11 |    5396 |     425 |   7.3 |      41 |       9 |  18.0
       D:12 |    8265 |    1394 |  14.4 |      53 |      41 |  43.6
       D:13 |    9787 |    9641 |  49.6 |      46 |      16 |  25.8
       D:14 |   11489 |    3182 |  21.7 |      37 |      16 |  30.2
       D:15 |    7989 |    4727 |  37.2 |      25 |      10 |  28.6
     Lair:1 |    2918 |    1258 |  30.1 |      12 |       3 |  20.0
     Lair:2 |    2826 |    2630 |  48.2 |      13 |       3 |  18.8
     Lair:3 |    4094 |    1101 |  21.2 |      17 |       2 |  10.5
     Lair:4 |    5857 |    3779 |  39.2 |      22 |      11 |  33.3
     Lair:5 |   20788 |     336 |   1.6 |      69 |       3 |   4.2
     Lair:6 |    5940 |    8568 |  59.1 |      14 |      18 |  56.2
    Swamp:1 |    5126 |       0 |   0.0 |      16 |       0 |   0.0
    Swamp:2 |   13013 |       0 |   0.0 |      28 |       0 |   0.0
    Swamp:3 |    6657 |     554 |   7.7 |      17 |       2 |  10.5
    Swamp:4 |    7989 |    9909 |  55.4 |      18 |      32 |  64.0
      Orc:1 |    6190 |    6808 |  52.4 |      50 |      14 |  21.9
      Orc:2 |    3043 |   11537 |  79.1 |      35 |      26 |  42.6
      IceCv |       0 |    8683 | 100.0 |       0 |      36 | 100.0
            +---------+---------+-------+---------+---------+-------
